 Dungeon Crawl Stone Soup version 0.19.4 (webtiles) character file.

30 empire the Insei (level 3, 0/29 HPs)
             Began as a Demonspawn Monk on Feb 3, 2017.
             Slain by an adder (2 damage)
             ... on level 2 of the Dungeon.
             The game lasted 00:02:21 (1306 turns).

empire the Insei (Demonspawn Monk)                  Turns: 1306, Time: 00:02:22

Health: 0/29       AC:  5    Str: 16    XL:     3   Next: 5%
Magic:  3/3        EV: 13    Int: 11    God:
Gold:   40         SH:  0    Dex: 16    Spells: 0 memorised, 2 levels left

rFire  . . .     SeeInvis .       - Unarmed
rCold  + . .     Gourm    .     a - +0 robe
rNeg   . . .     Faith    .     (no shield)
rPois  .         Spirit   .     (no helmet)
rElec  .         Reflect  .     (no cloak)
rCorr  .         Harm     .     (no gloves)
MR     +....                    l - +0 pair of boots
Stlth  ++........               (no amulet)
                                i - ring of protection from cold
                                e - ring of protection from magic

@: mighty, lethally poisoned (0 -> -1)
A: slimy green scales 1, powered by death 1
a: no special abilities


You were on level 2 of the Dungeon.
You were not hungry.

You visited 1 branch of the dungeon, and saw 2 of its levels.

You collected 40 gold pieces.

Inventory:

Hand Weapons
 d - a +2 whip of electrocution
Armour
 a - a +0 robe (worn)
 l - a +0 pair of boots (worn)
Jewellery
 e - a ring of protection from magic (left hand)
 g - an uncursed ring of magical power
 i - a ring of protection from cold (right hand)
Wands
 o - a wand of flame (41/48)
Scrolls
 f - a scroll of blinking {unknown}
 h - a scroll of magic mapping {unknown}
 j - 2 scrolls of identify {unknown}
 k - a scroll of random uselessness {unknown}
 p - a scroll of noise {unknown}
Potions
 q - a potion of curing {unknown}
 r - a potion of heal wounds {unknown}
Comestibles
 b - a bread ration
 m - a meat ration
 n - 2 chunks of flesh
 s - a royal jelly


   Skills:
 + Level 3.2 Fighting
 + Level 3.0 Dodging
 - Level 1.7 Stealth
 + Level 3.3 Unarmed Combat


You had 2 spell levels left.
You didn't know any spells.

Dungeon Overview and Level Annotations

Branches:
Dungeon (2/15)

Altars:


Innate Abilities, Weirdness & Mutations

You are partially covered in slimy green scales. (AC +2)
You regenerate a little health from kills.


Message History

The adder is moderately wounded.
The adder misses you. The rat bites you. The rat bites you but does no damage.
You closely miss the adder.
The adder is moderately wounded.
The kobold hits you with a club. The adder bites you. The rat misses you.
The rat closely misses you.
You closely miss the adder.
The adder is moderately wounded.
The adder hisses angrily.
The adder bites you.
* * * LOW HITPOINT WARNING * * *
The kobold hits you but does no damage. The rat closely misses you.
The rat bites you but does no damage. The adder bites you.
* * * LOW HITPOINT WARNING * * *
It was a potion of might.
You feel very mighty all of a sudden.
You feel sick. The kobold hits you with a club.
* * * LOW HITPOINT WARNING * * *
The rat misses you. The adder bites you.
You die...

#..........)......
##.......>..#####
#..........#
#..#.......#
##.#.......# #
#.......#
####+#.......#
......S.†....#
.....$r@.....#
......K.r....#
.....S.......#
.............+
.............#
.......#######
....... #####.>


You could see 2 adders, a kobold and 2 rats.

Vanquished Creatures
  2 dart slugs (D:1)
  A leopard gecko (D:1)
  A giant cockroach (D:1)
  4 goblins
  8 bats
  6 kobolds
  5 rats
27 creatures vanquished.

Notes
Turn   | Place    | Note
-------+----------+-------------------------------------------
     0 | D:1      | empire the Demonspawn Monk began the quest for the Orb.
     0 | D:1      | Reached XP level 1. HP: 18/18 MP: 1/1
   430 | D:1      | Gained mutation: You are partially covered in slimy green scales. (AC +2) [demonic ancestry]
   430 | D:1      | Reached XP level 2. HP: 15/24 MP: 2/2
  1229 | D:2      | Gained mutation: You regenerate a little health from kills. [demonic ancestry]
  1229 | D:2      | Reached XP level 3. HP: 28/29 MP: 3/3
  1306 | D:2      | Slain by an adder

Skill      XL: |  1  2 |
---------------+-------+-----
Unarmed Combat | 3 |  3.3
Dodging        | 3 |  3.0
Fighting       | |  3.2
Stealth        | |  1.7

Action                   || total
-------------------------++-------
Melee: Unarmed           ||   127
       Punch             ||     2
  Use: Potion            ||     1
 Stab: Sleeping          ||     3
  Eat: Chunk             ||     1
Armor: Robe              ||    57
Dodge: Dodged            ||   119
